 Dungeon Crawl Stone Soup version 0.28-a0-1374-ga75cb3825e (webtiles) character file.

Game seed: 10740161881227276535

71092 gimp the Destroyer (level 14, -2/107 HPs)
             Began as a Demigod Wanderer on Dec 31, 2021.
             Slain by a white ugly thing (30 damage)
             ... on level 15 of the Dungeon.
             The game lasted 01:03:03 (35189 turns).

gimp the Destroyer (Demigod Wanderer)              Turns: 35189, Time: 01:03:04

Health: -2/107     AC: 15    Str: 23    XL:     14   Next: 54%
Magic:  19/32      EV: 13    Int: 42    God:
Gold:   570        SH: 12    Dex: 18    Spells: 7/32 levels left

rFire   + . .      SeeInvis .   b - +7 rapier "Kicanug" {vorpal, rF+ Int+6 Dex+7}
rCold   . . .      Faith    .   h - +0 kite shield
rNeg    + . .      Spirit   .   s - +0 swamp dragon scales
rPois   +          Reflect  .   (helmet restricted)
rElec   +          Harm     .   K - +2 cloak "Wagrusm" {rElec}
rCorr   .          Rampage  .   C - +0 pair of gloves
Will    .....                   J - +1 pair of boots
Stlth   +++.......              Q - amulet of the Pure Thieving Gods {RegenMP rN+ Int+8}
HPRegen 0.27/turn               i - +6 ring of strength
MPRegen 0.63/turn               H - ring of poison resistance

@: weak-willed, very slightly contaminated
A: high mp 1, forlorn, divine attributes, antennae 1
a: no special abilities


You were on level 15 of the Dungeon.
You visited 3 branches of the dungeon, and saw 23 of its levels.
You also visited: Bailey.

You collected 3604 gold pieces.
You spent 3034 gold pieces at shops.

Inventory:

Hand Weapons
 a - a +3 dagger of venom
 b - the +7 rapier "Kicanug" (weapon) {vorpal, rF+ Int+6 Dex+7}
   (You found it on level 1 of the Lair of Beasts)

   It inflicts extra damage upon your enemies.
   Int:       It affects your intelligence (+6).
   Dex:       It affects your dexterity (+7).
   rF:        It protects you from fire.
 o - the +0 short sword of Moral Flaws {drain, MP+9 Dex-3 SInv}
   (You bought it in a shop on level 2 of the Orcish Mines)

   A truly terrible weapon, it drains the life of any living foe it strikes.
   Dex:       It affects your dexterity (-3).
   MP:        It affects your magic capacity (+9).
   SInv:      It lets you see invisible.
Missiles
 c - 4 throwing nets
 E - 6 curare-tipped darts (quivered)
 S - 49 poisoned darts
Armour
 h - a +0 kite shield (worn)
 l - a +1 helmet
 s - +0 swamp dragon scales (worn)
 C - a +0 pair of gloves (worn)
 I - +0 acid dragon scales
 J - a +1 pair of boots (worn)
 K - the +2 cloak "Wagrusm" (worn) {rElec}
   (You bought it in a shop on level 2 of the Orcish Mines)

   rElec:     It insulates you from electricity.
Magical Staves
 Y - a staff of conjuration
Jewellery
 i - a +6 ring of strength (left hand)
 y - a ring of protection from cold
 z - a ring of fire
 H - a ring of poison resistance (right hand)
 Q - the amulet of the Pure Thieving Gods (around neck) {RegenMP rN+ Int+8}
   (You found it on level 12 of the Dungeon)

   [amulet of magic regeneration]

   It increases your rate of magic regeneration.
   Int:       It affects your intelligence (+8).
   rN:        It protects you from negative energy.
 V - a ring of flight
Wands
 e - a wand of flame (35)
 k - a wand of polymorph (16)
 t - a wand of iceblast (15)
 G - a wand of digging (8)
 N - a wand of paralysis (15)
 U - a wand of acid (7)
Scrolls
 m - 9 scrolls of teleportation
 p - 3 scrolls of enchant weapon
 r - 2 scrolls of summoning
 v - 3 scrolls of amnesia
 w - a scroll of brand weapon
 A - 3 scrolls of fog
 B - a scroll of magic mapping
 O - 3 scrolls of blinking
 P - a scroll of enchant armour
 T - 5 scrolls of identify
 X - 2 scrolls of fear
Potions
 d - 2 potions of invisibility
 f - 5 potions of cancellation
 g - 2 potions of flight
 j - a potion of resistance
 q - 6 potions of magic
 u - 6 potions of curing
 x - a potion of heal wounds
 D - 7 potions of brilliance
 F - 4 potions of might
 M - 4 potions of haste
 W - 5 potions of ambrosia
 Z - a potion of mutation
Miscellaneous
 n - a phial of floods
 R - a tin of tremorstones (2/2)


   Skills:
 - Level 5.0 Fighting
 - Level 8.0 Short Blades
 - Level 1.0 Maces & Flails
 - Level 1.0 Throwing
 - Level 6.0 Armour
 - Level 6.0 Dodging
 - Level 6.0 Stealth
 + Level 8.7 Shields
 + Level 9.8 Spellcasting
 - Level 10.0 Conjurations
 - Level 4.0 Transmutations
 - Level 6.0 Ice Magic
 - Level 6.0 Air Magic
 + Level 6.0 Earth Magic
 - Level 6.0 Evocations


You had 7 spell levels left.
You knew the following spells:

 Your Spells              Type           Power      Damage    Failure   Level
a - Stone Arrow           Conj/Erth      100%       3d13      1%          3
b - Static Discharge      Conj/Air       73%        N/A       1%          2
c - Borgnjor's Vile Clut  Necr/Erth      23%        N/A       41%         5
d - Lightning Bolt        Conj/Air       36%        1d54      5%          5
f - Irradiate             Conj/Tmut      34%        3d24      9%          5
g - Lee's Rapid Deconstr  Erth           32%        3d17*     12%         5

Your spell library contained the following spells:

 Spells                   Type           Power      Damage    Failure   Level
 Freeze                   Ice            100%       1d11      1%          1
 Sandblast                Erth           100%       2d20      1%          1
 Passwall                 Tmut/Erth      48%        N/A       1%          2
 Wereblood                Tmut           53%        N/A       1%          2
 Conjure Flame            Conj/Fire      58%        6-21      1%          3
 Ozocubu's Armour         Ice            63%        N/A       1%          3
 Corpse Rot               Necr/Air       90%        N/A       2%          2
 Ensorcelled Hibernation  Hex/Ice        90%        N/A       2%          2
 Pain                     Necr           80%        1d8       5%          1
 Spider Form              Tmut/Pois      37%        N/A       7%          3
 Fulminant Prism          Conj/Hex       29%        3d14      7%          4
 Iskenderun's Mystic Bla  Conj/Tloc      58%        2d12      7%          4
 Petrify                  Tmut/Erth      58%        N/A       7%          4
 Sticky Flame             Conj/Fire      58%        2d7       7%          4
 Sublimation of Blood     Necr           20%        N/A       9%          2
 Ignite Poison            Fire/Tmut/Pois 31%        N/A       10%         3
 Confusing Touch          Hex            20%        N/A       16%         3
 Gell's Gravitas          Tloc           20%        N/A       16%         3
 Teleport Other           Tloc           20%        N/A       16%         3
 Animate Dead             Necr           10%        N/A       47%         4
 Dispel Undead            Necr           20%        3d11      47%         4
 Yara's Violent Unravell  Hex/Tmut       18%        3d9       54%         5
 Agony                    Necr           20%        N/A       83%         5
 Excruciating Wounds      Necr           10%        N/A       83%         5
 Death Channel            Necr           10%        N/A       100%        6
 Dispersal                Tloc           10%        N/A       100%        6
 Enfeeble                 Hex            10%        N/A       100%        7
 Summon Hydra             Summ           10%        N/A       100%        7
 Infestation              Necr           10%        N/A       100%        8
 Maxwell's Capacitive Co  Air            31%        ∞         100%        8
 Shatter                  Erth           32%        3d26*     100%        9


Dungeon Overview and Level Annotations

Branches:
Dungeon (15/15) Temple (0/1) D:5 Lair (6/6) D:9 Swamp (0/4) Lair:4 Spider (0/4) Lair:4 Slime (0/5) Lair:6 Orc (2/2) D:12 Elf (0/3) Orc:2 Vaults (0/5) D:13 D:14 Bailey (visited) Depths: D:15

Shops:
D:8 [   D:9 (   D:10 [   D:11 :   D:13 !   D:14 !   Orc:2 (:(?![*?=

Annotations:
D:4 3 runed translucent doors, sirJeffrey23's ghost, novice DsGl
D:6 1 runed translucent door
D:8 3 runed translucent doors, jtrev's ghost, novice GrBe
Lair:5 1 runed translucent door, Mysukhlell's ghost, journeyman DrTm


Innate Abilities, Weirdness & Mutations

You have an increased reservoir of magic. (+10% MP)
You shall have no god before yourself.
Your divine heritage dramatically boosts your attributes as you level up.
You have a pair of small antennae on your head.


Message History

You block the centaur warrior simulacrum's attack. x2
You now have 15/32 mp.
Found 33 arrows.
The centaur warrior simulacrum closely misses you.
You block the centaur warrior simulacrum's attack.
The centaur warrior simulacrum hits you.
* * * LOW HITPOINT WARNING * * *
The centaur warrior simulacrum freezes you!!
* * * LOW HITPOINT WARNING * * *
The centaur warrior simulacrum misses you.
You take 19 damage, and have 7/107 hp.
Casting: Stone Arrow (safe; 1% risk of failure)
Confirm with . or Enter, or press ? or * to list all spells.
Aiming: Stone Arrow (safe; 1% risk of failure)
Press: ? - help, Shift-Dir - straight line, f/p - centaur warrior simulacrum
Aim: a centaur warrior simulacrum (almost destroyed, 98% to hit)
The stone arrow hits the centaur warrior simulacrum!!
The centaur warrior simulacrum vaporises!
You now have 16/32 mp.
You feel much better.
The white ugly thing is engulfed in freezing vapours.
The white ugly thing claws you but does no damage.
You regained 30 hp, and now have 38/107 hp.
Found a stone staircase leading down.
The white ugly thing closely misses you.
There is a stone staircase leading down here.
The white ugly thing barely misses you.
You climb downwards.
There is a stone staircase leading up here.
Casting: Stone Arrow (safe; 1% risk of failure)
Confirm with . or Enter, or press ? or * to list all spells.
Aiming: Stone Arrow (safe; 1% risk of failure)
Press: ? - help, Shift-Dir - straight line, f - white ugly thing
Aim: a white ugly thing (lightly wounded, 78% to hit)
The stone arrow hits the white ugly thing!!
The white ugly thing is heavily wounded.
The white ugly thing claws you!
* * * LOW HITPOINT WARNING * * *
The white ugly thing freezes you!!
You die...

####
#..#
#.@#
#u..#
#....#
##.....
#......
#......#
#......#
#......#


You could see a white ugly thing.

Vanquished Creatures
  Rupert (Orc:1)
  An orc warlord (Orc:2)
  Nessos (D:14)
  Harold (D:8)
  Erolcha (Orc:2)
  2 vault guards (Bailey)
  A merfolk avatar (Lair:6)
  6 hydras
  3 boulder beetles
  5 two-headed ogres
  Urug (D:14)
  2 orc high priests (Orc:2)
  2 skeletal warriors (D:13)
  2 sea snakes (Lair:6)
  A phantasmal warrior (D:14)
  A lindwurm (Lair:3)
  2 deep elf pyromancers (D:12)
  2 oklob plants (Lair:4)
  3 orc knights (Orc:2)
  5 orc sorcerers
  A manticore (D:13)
  Maurice (Orc:2)
  A cyclops (D:11)
  16 elephants
  A guardian serpent (Lair:5)
  A black mamba (Lair:5)
  11 rime drakes
  3 unseen horrors
  A torpor snail (Lair:5)
  Maggie (D:8)
  9 komodo dragons
  10 cane toads
  2 freezing wraiths
  12 trolls
  A queen bee (Lair:3)
  2 wind drakes (Lair:6)
  14 slime creatures (D:13)
  11 blink frogs
  Prince Ribbit (Bailey)
  3 hornets
  4 wyverns
  A shadow (D:12)
  33 yaks
  A centaur simulacrum (D:14)
  3 wraiths
  2 steam dragons
  2 basilisks
  18 humans
  Edmund (D:4)
  A two-headed ogre zombie (D:12)
  3 acid dragons
  17 water moccasins
  3 wargs
  26 orc warriors
  A sky beast (D:8)
  An ice beast (D:7)
  A black bear (D:6)
  9 wolves
  A centaur (D:6)
  2 necrophages (D:5)
  4 phantoms
  10 ogres
  Blork the orc (D:4)
  3 kobold brigands
  17 bullfrogs
  5 scorpions
  A water moccasin skeleton (D:6)
  26 killer bees
  3 wights (D:7)
  A howler monkey (D:13)
  2 centaur zombies
  4 hounds
  14 orc priests
  2 jellies
  2 gnoll shamans
  Ijyb (D:4)
  A centaur skeleton (D:7)
  Crazy Yiuf (D:5)
  Jessica (D:2)
  2 iguanas
  A scorpion zombie (D:5)
  Terence (D:2)
  24 orc wizards
  Natasha (thrice) (D:3)
  A killer bee zombie (D:8)
  7 ogre zombies (D:12)
  Robin (D:1)
  12 gnolls
  11 adders
  An ufetubus (D:6)
  An adder skeleton (D:5)
  4 worms
  2 dart slugs
  60 orcs
  10 ball pythons
  6 endoplasms
  8 giant cockroaches
  22 goblins
  11 hobgoblins
  2 quokkas
  3 bats
  4 frilled lizards
  2 goblin skeletons (D:12)
  2 goblin zombies
  A hobgoblin skeleton (D:12)
  4 hobgoblin zombies (D:12)
  17 kobolds
  3 orc skeletons (D:12)
  14 orc zombies (D:12)
  7 rats
621 creatures vanquished.

Vanquished Creatures (others)
  21 fungi
  42 plants
63 creatures vanquished.

Grand Total: 684 creatures vanquished

Notes
Turn   | Place    | Note
-------+----------+-------------------------------------------
     0 | D:1      | gimp the Demigod Wanderer began the quest for the Orb.
     0 | D:1      | gimp set off with the following items: a +1 mace, a +0
                  | leather armour; and the following spell memorised: Freeze;
                  | and the following spells available to memorise: Ozocubu's
                  | Armour, Ensorcelled Hibernation
     0 | D:1      | Reached XP level 1. HP: 16/16 MP: 4/4
   586 | D:1      | Reached XP level 2. HP: 23/23 MP: 3/6
  1671 | D:2      | Reached XP level 3. HP: 21/28 MP: 0/7
  1937 | D:2      | Identified the +1 ring mail "Punoijiriy" {Str+4 Int+3}
  2202 | D:2      | Noticed Jessica
  2208 | D:2      | Killed Jessica
  2357 | D:2      | Noticed Robin
  2469 | D:2      | Reached XP level 4. HP: 26/35 MP: 6/9
  2474 | D:1      | Killed Robin
  2781 | D:2      | Noticed Terence
  2785 | D:2      | Killed Terence
  2786 | D:2      | Reached skill level 5 in Ice Magic
  3191 | D:3      | Learned a level 3 spell: Ozocubu's Armour
  3318 | D:3      | Reached XP level 5. HP: 40/40 MP: 7/11
  3319 | D:3      | Noticed Natasha
  3324 | D:3      | Killed Natasha
  3940 | D:3      | Noticed Natasha
  4053 | D:3      | Killed Natasha
  4519 | D:4      | Noticed Edmund
  4591 | D:4      | Killed Edmund
  4592 | D:4      | Reached XP level 6. HP: 19/47 MP: 4/14
  4658 | D:3      | Noticed Natasha
  4828 | D:3      | Killed Natasha
  4986 | D:4      | Noticed Blork the orc
  5001 | D:4      | Killed Blork the orc
  5183 | D:4      | Identified a scroll of acquirement
  5183 | D:4      | Acquired a book of Lightning
  5197 | D:4      | Reached XP level 7. HP: 50/52 MP: 11/17
  5210 | D:4      | Reached skill level 5 in Spellcasting
  5220 | D:4      | Noticed Ijyb
  5459 | D:4      | Killed Ijyb
  5646 | D:4      | Found a runed translucent gate.
  6558 | D:4      | Found a runed translucent gate.
  6559 | D:4      | Found a runed translucent gate.
  6559 | D:4      | Noticed sirJeffrey23's ghost (novice DsGl)
  6788 | D:5      | Entered Level 5 of the Dungeon
  7180 | D:5      | Learned a level 2 spell: Static Discharge
  7428 | D:5      | Found a staircase to the Ecumenical Temple.
  7479 | D:5      | Reached skill level 1 in Conjurations
  7479 | D:5      | Reached skill level 1 in Air Magic
  7520 | D:5      | Reached XP level 8. HP: 55/63 MP: 12/20
  7587 | D:5      | Acquired 536 gold pieces
  8005 | D:5      | Found a runed translucent door.
  8006 | D:5      | Noticed Crazy Yiuf
  8013 | D:5      | Killed Crazy Yiuf
  8131 | D:6      | Found a runed translucent door.
  8279 | D:6      | Reached skill level 2 in Conjurations
  9138 | D:6      | Reached skill level 3 in Conjurations
 10251 | D:7      | Reached skill level 4 in Conjurations
 10251 | D:7      | Reached XP level 9. HP: 51/69 MP: 10/21
 10372 | D:7      | Noticed a two-headed ogre
 10396 | D:7      | Killed a two-headed ogre
 10749 | D:7      | Reached skill level 5 in Armour
 11006 | D:7      | Noticed a two-headed ogre
 11012 | D:7      | Killed a two-headed ogre
 11013 | D:7      | Reached skill level 5 in Conjurations
 11013 | D:7      | Reached skill level 5 in Air Magic
 11367 | D:8      | Reached skill level 1 in Short Blades
 11367 | D:8      | Reached skill level 6 in Conjurations
 11377 | D:8      | Found a flagged portal.
 11459 | Bailey   | Entered a bailey
 11570 | Bailey   | Reached XP level 10. HP: 58/77 MP: 12/22
 11576 | Bailey   | Reached skill level 1 in Dodging
 11782 | Bailey   | Noticed Prince Ribbit
 11798 | Bailey   | Killed Prince Ribbit
 12252 | Bailey   | Noticed a vault guard
 12285 | Bailey   | Killed a vault guard
 12286 | Bailey   | Reached skill level 5 in Short Blades
 12466 | Bailey   | Noticed a vault guard
 12481 | Bailey   | Killed a vault guard
 13324 | D:8      | Noticed Maggie
 13328 | D:8      | Found Nonudy's Armour Shoppe.
 13328 | D:8      | Noticed Harold
 13526 | D:8      | Found a runed translucent gate.
 13526 | D:8      | Found a runed translucent gate.
 13529 | D:8      | Found a runed translucent gate.
 13529 | D:8      | Noticed jtrev's ghost (novice GrBe)
 13690 | D:8      | Gained mutation: You have a pair of small antennae on your
                  | head. [potion of mutation]
 13697 | D:8      | Killed Harold
 13704 | D:8      | Killed Maggie
 14558 | D:9      | Found Lainnouc's Antique Weapon Shoppe.
 14692 | D:9      | Found a staircase to the Lair.
 14829 | D:9      | Reached XP level 11. HP: 35/82 MP: 12/24
 14838 | D:9      | HP: 4/82 [troll (11)]
 15437 | D:9      | Reached skill level 5 in Dodging
 16290 | D:10     | Entered Level 10 of the Dungeon
 16335 | D:10     | Noticed a two-headed ogre
 16355 | D:10     | Killed a two-headed ogre
 16504 | D:10     | Learned a level 5 spell: Lightning Bolt
 16574 | D:10     | Found Maitug's Armour Shop.
 16774 | D:10     | Noticed a two-headed ogre
 16784 | D:10     | Killed a two-headed ogre
 16785 | D:10     | Reached skill level 1 in Stealth
 17156 | D:10     | Learned a level 3 spell: Stone Arrow
 18047 | D:10     | Found the +7 Kryia's mail coat {PotionHeal*2 rC+}
 18293 | D:11     | Found Hehyhof's Book Boutique.
 18314 | D:11     | Bought a book of Alchemy for 336 gold pieces
 18323 | D:10     | Learned a level 5 spell: Irradiate
 18834 | D:11     | Reached skill level 7 in Conjurations
 19270 | D:12     | Noticed a deep elf pyromancer
 19313 | D:12     | Found a staircase to the Orcish Mines.
 19577 | D:12     | Killed a deep elf pyromancer
 19863 | D:12     | Noticed a seven-headed hydra
 19869 | D:12     | Killed a seven-headed hydra
 19870 | D:12     | Reached skill level 5 in Stealth
 19882 | D:12     | Noticed a deep elf pyromancer
 19904 | D:12     | Killed a deep elf pyromancer
 20233 | D:12     | Identified the amulet of the Pure Thieving Gods {RegenMP
                  | rN+ Int+8}
 21151 | D:13     | Reached skill level 8 in Conjurations
 21341 | D:13     | Noticed a two-headed ogre
 21351 | D:13     | Killed a two-headed ogre
 21352 | D:13     | Reached skill level 1 in Earth Magic
 21567 | D:13     | Reached XP level 12. HP: 78/89 MP: 17/25
 21888 | D:13     | Found Hoddiu's Distillery.
 22871 | D:14     | Noticed Nessos
 22871 | D:14     | Noticed Urug
 22871 | D:14     | Found a gate to the Vaults.
 22879 | D:13     | Bought a potion of might for 64 gold pieces
 22879 | D:13     | Bought a potion of curing for 48 gold pieces
 22979 | D:14     | Noticed a boulder beetle
 23000 | D:14     | Killed a boulder beetle
 23024 | D:14     | Found Isiusm's Distillery.
 23031 | D:14     | Bought a potion of curing for 42 gold pieces
 23100 | D:14     | Killed Urug
 23101 | D:14     | Reached skill level 9 in Conjurations
 23106 | D:14     | Noticed a four-headed hydra
 23118 | D:14     | Killed a four-headed hydra
 23419 | Lair:1   | Entered Level 1 of the Lair of Beasts
 23485 | Lair:1   | Identified the +7 rapier "Kicanug" {vorpal, rF+ Int+6
                  | Dex+7}
 23593 | Lair:1   | Reached skill level 1 in Shields
 23691 | Lair:1   | Reached skill level 5 in Fighting
 24340 | Lair:2   | Reached skill level 10 in Conjurations
 25696 | Lair:3   | Noticed an eight-headed hydra
 25714 | Lair:2   | Killed an eight-headed hydra
 26066 | Lair:3   | Got the Handbook of Dusty Dark Rites
 26177 | Lair:3   | Reached XP level 13. HP: 80/100 MP: 14/27
 27341 | Lair:4   | Learned a level 5 spell: Lee's Rapid Deconstruction
 27731 | Lair:4   | Reached skill level 5 in Shields
 27844 | Lair:4   | Found a staircase to the Swamp.
 27874 | Lair:4   | Identified the +1 ice dragon scales of the Slorg {+Inv
                  | rPois rF- rC++ Str+5 Dex-3}
 28176 | Lair:4   | Reached skill level 5 in Evocations
 28342 | Lair:4   | Found a hole to the Spider Nest.
 29188 | Lair:5   | Learned a level 5 spell: Borgnjor's Vile Clutch
 29403 | Lair:5   | Found the +3 pair of seven-league boots {Rampage+∞}
 29409 | Lair:5   | Reached skill level 1 in Transmutations
 29833 | Lair:5   | Found a runed translucent door.
 29841 | Lair:5   | Noticed Mysukhlell's ghost (journeyman DrTm)
 30177 | Lair:6   | Entered Level 6 of the Lair of Beasts
 30620 | Lair:6   | Found a staircase to the Slime Pits.
 31187 | Lair:6   | Reached XP level 14. HP: 107/107 MP: 20/31
 31950 | Orc:1    | Entered Level 1 of the Orcish Mines
 32602 | Orc:2    | Entered Level 2 of the Orcish Mines
 32603 | Orc:2    | Found Dodghor's Weapon Shop.
 32604 | Orc:2    | Noticed Rupert
 32608 | Orc:2    | Found Kocvoc's Jewellery Shop.
 32621 | Orc:1    | Killed Rupert
 32848 | Orc:2    | Found Dorocapa's Magic Scroll Shop.
 33048 | Orc:2    | Found Legarak's Distillery.
 33207 | Orc:2    | Noticed Erolcha
 33211 | Orc:2    | Killed Erolcha
 33346 | Orc:2    | Found a staircase to the Elven Halls.
 33347 | Orc:2    | Noticed Maurice
 33354 | Orc:2    | Killed Maurice
 33425 | Orc:2    | Paralysed by an orc sorcerer for 2 turns
 33502 | Orc:2    | Noticed an orc warlord
 33523 | Orc:2    | Reached skill level 5 in Earth Magic
 33524 | Orc:2    | Killed an orc warlord
 34211 | Orc:2    | Found Astrim's Book Emporium.
 34220 | Orc:2    | Found Uleuklas's General Store.
 34243 | Orc:2    | Found Jaijuceh's Antique Weapon Emporium.
 34273 | Orc:2    | Found Naty's Antique Armour Emporium.
 34297 | Orc:2    | Bought a jewelled cloak for 237 gold pieces
 34297 | Orc:2    | Identified the +2 cloak "Wagrusm" {rElec} (You bought it in
                  | a shop on level 2 of the Orcish Mines)
 34345 | Orc:2    | Found Hewuav's Magic Scroll Boutique.
 34353 | Orc:2    | Bought a scroll of blinking for 112 gold pieces
 34353 | Orc:2    | Bought 2 scrolls of teleportation for 90 gold pieces
 34353 | Orc:2    | Bought 2 scrolls of teleportation for 90 gold pieces
 34353 | Orc:2    | Bought a scroll of acquirement for 780 gold pieces
 34353 | Orc:2    | Bought a scroll of blinking for 112 gold pieces
 34354 | Orc:2    | Acquired 948 gold pieces
 34465 | Orc:2    | Bought a potion of resistance for 150 gold pieces
 34465 | Orc:2    | Bought a potion of cancellation for 120 gold pieces
 34465 | Orc:2    | Bought a potion of brilliance for 60 gold pieces
 34465 | Orc:2    | Bought a potion of cancellation for 120 gold pieces
 34465 | Orc:2    | Bought a potion of brilliance for 60 gold pieces
 34465 | Orc:2    | Bought a potion of curing for 45 gold pieces
 34465 | Orc:2    | Bought a potion of brilliance for 60 gold pieces
 34465 | Orc:2    | Bought a potion of brilliance for 60 gold pieces
 34488 | Orc:2    | Bought a scroll of fear for 56 gold pieces
 34488 | Orc:2    | Bought a scroll of blinking for 120 gold pieces
 34533 | Orc:2    | Bought a twisted short sword for 272 gold pieces
 34533 | Orc:2    | Identified the +0 short sword of Moral Flaws {drain, MP+9
                  | Dex-3 SInv} (You bought it in a shop on level 2 of the
                  | Orcish Mines)
 35171 | D:14     | Killed Nessos
 35188 | D:15     | Entered Level 15 of the Dungeon
 35189 | D:15     | Slain by a white ugly thing

Illustrated notes

Levels and vault maps discovered:
D:1:      dpeg_arrival_oval, layout_loops_ring,
          nicolae_ecumenical_snake_handling
D:2:      layout_loops_cross, uniq_terence, uniq_robin, uniq_jessica
D:3:      layout_loops_ring, nicolae_gozag_cash_rules_everything_around_me,
          nicolae_ru_the_path_less_chosen, hangedman_decor_riveting,
          minmay_misc_feat_plants, uniq_natasha
D:4:      layout_layer_cave, grunt_dithmenos_smoke_and_mirrors,
          gammafunk_ghost_nasty_kobolds, uniq_ijyb, uniq_edmund,
          uniq_blork_the_orc
D:5:      layout_rooms, mainiacjoe_overflow_alcove_1, jmf_multi_god_temple,
          minmay_temple_entry_statues_fountains, serial_glass, glass_columns_c,
          glass_columns_b, minmay_misc_feat_doors, uniq_crazy_yiuf_cottage
D:6:      layout_basic, mainiacjoe_overflow_alcove_4, dk_yredelemnul_ordeal,
          chequers_jeans
D:7:      layout_loops_ring, mainiacjoe_overflow_big_doors, minmay_crystal_water
D:8:      layout_loops_corners, lemuel_tele_altar, enter_bailey_2, serial_shops,
          nicolae_shop_stone, gammafunk_ghost_ooze, kennysheep_another_room,
          nicolae_water_bricks, uniq_harold, uniq_maggie
D:9:      layout_loops_corners, lair_entry_dummy, nicolae_zen_rock_garden,
          minmay_shop_grid_forest, grunt_ogre_cave
D:10:     layout_roguey, nicolae_overflow_hidden_temple, serial_shops, shop,
          minmay_between
D:11:     layout_irregular_city, serial_shops, shop, serial_column_ruins,
          column_ruins_grid_1, column_ruins_columns_straight,
          column_ruins_open_small, column_ruins_grid_1,
          column_ruins_columns_corner, column_ruins_open_tiny,
          column_ruins_open_small
D:12:     layout_layer_cave, zombieorc2_lemuel, tgw_lugonu_bribe
D:13:     layout_gridville, serial_shops, nicolae_take_the_stairs
D:14:     layout_cave_pools, david_vaults_3,
          nicolae_concentric_dashed_squares_wild, serial_shops,
          nicolae_shop_competitors_out_of_business
D:15:     grunt_enter_depths_magical_seal, layout_irregular_city, serial_shops,
          shop, elyvilon_altar_5, lemuel_nasty_fountain
Lair:1:   layout_cellular_growth
Lair:2:   layout_roguey, uniq_urug
Lair:3:   layout_loops_ring, special_room [special_room_bee]
Lair:4:   minmay_lair_oklob_chamber, layout_gridlike, swamp_mist_pool,
          nicolae_spider_entry_non_spiders
Lair:5:   layout_long_grid, hellmonk_ghost_happy_afterlife,
          hellmonk_guarded_unrand_seven_league_boots
Lair:6:   gammafunk_lair_ancient_temple, layout_regular_city, slime_dummy
Orc:1:    layout_caves
Orc:2:    grunt_orc_cross, layout_caves, serial_shops,
          nicolae_shop_bloodbath_and_beyond, shop, shop,
          nicolae_shop_competitors_out_of_business, shop,
          nicolae_orc_flooded_monolith, nicolae_orc_rockfall, uniq_erolcha,
          uniq_rupert, uniq_maurice

Skill      XL: |  1  2  3  4  5  6  7  8  9 10 11 12 13 14 |
---------------+-------------------------------------------+-----
Ice Magic      | 4 5 6 |  6.0
Spellcasting   | 2 3 4 6 8 9 |  9.8
Fighting       | 3 5 |  5.0
Conjurations   | 1 4 6 8 10 | 10.0
Air Magic      | 1 4 6 |  6.0
Armour         | 4 6 |  6.0
Short Blades   | 1 7 8 |  8.0
Dodging        | 4 6 |  6.0
Stealth        | 5 6 |  6.0
Earth Magic    | 1 4 6 |  6.0
Shields        | 3 7 8 |  8.7
Evocations     | 3 6 |  6.0
Transmutations | 3 4 |  4.0
Maces & Flails | |  1.0
Throwing       | |  1.0

Action                   |  1- 3 |  4- 6 |  7- 9 | 10-12 | 13-15 || total
-------------------------+-------+-------+-------+-------+-------++-------
Melee: Mace              |    14 |     1 |       |       |       ||    15
       Dagger            |       |     8 |    97 |   209 |       ||   314
       Flail             |       |       |    10 |       |       ||    10
       Rapier            |       |       |       |    14 |    53 ||    67
Throw: Dart              |       |       |       |     3 |       ||     3
       Throwing net      |       |       |       |     1 |       ||     1
 Cast: Freeze            |    70 |    99 |   161 |    79 |       ||   409
       Static Discharge  |       |       |    50 |   191 |    32 ||   273
       Ozocubu's Armour  |       |       |     4 |     1 |       ||     5
       Stone Arrow       |       |       |       |   158 |   355 ||   513
       Lightning Bolt    |       |       |       |    17 |    23 ||    40
       Irradiate         |       |       |       |       |    37 ||    37
       Lee's Rapid Decon |       |       |       |       |     3 ||     3
       Borgnjor's Vile C |       |       |       |       |     5 ||     5
Evoke: Wand              |       |       |    10 |    14 |     1 ||    25
       Phial of floods   |       |       |       |       |     1 ||     1
  Use: Scroll            |       |     8 |    10 |     7 |     6 ||    31
       Potion            |       |       |     1 |     7 |     2 ||    10
 Stab: Paralysed         |       |       |       |     2 |     1 ||     3
       Sleeping          |       |       |       |       |     1 ||     1
Armor: Leather armour    |    18 |     1 |       |       |       ||    19
       Ring mail         |       |    21 |   143 |    43 |       ||   207
       Swamp dragon scal |       |       |       |   167 |   126 ||   293
Dodge: Dodged            |    42 |    49 |   146 |   262 |   191 ||   690
Block: Other             |       |       |       |    17 |       ||    17
       Kite shield       |       |       |       |       |    33 ||    33

Table legend: (Time is in decaauts)
 A = Elapsed time spent in this place.
 B = Non-inter-level travel time spent in this place.
 C = Inter-level travel time spent in this place.
 D = Time resting spent in this place.
 E = Time spent auto-exploring this place.
 F = Levels seen in this place.
 G = Mean time per level.
                   A        B        C        D        E       F      G
               +--------+--------+--------+--------+--------+-----+--------+
         Total |  35196 |  33991 |   1205 |   4993 |  23894 |  24 | 1466.5 |
       Dungeon |  23113 |  22308 |    805 |   2707 |  16437 |  15 | 1540.9 |
          Lair |   8506 |   8222 |    284 |   1335 |   5748 |   6 | 1417.7 |
  Orcish Mines |   2465 |   2350 |    115 |    639 |   1124 |   2 | 1232.5 |
        Bailey |   1110 |   1110 |      0 |    312 |    584 |   1 | 1110.0 |
               +--------+--------+--------+--------+--------+-----+--------+

Top non-repeatable levels by time:
    D:13: 2405 daAuts
     D:4: 2183 daAuts
    D:12: 2084 daAuts
     D:7: 2044 daAuts
     D:9: 2018 daAuts
     D:8: 1996 daAuts
  Lair:4: 1900 daAuts
     D:1: 1900 daAuts
    D:10: 1764 daAuts
  Lair:2: 1713 daAuts
     D:3: 1601 daAuts
  Lair:5: 1488 daAuts
   Orc:2: 1376 daAuts
     D:5: 1364 daAuts
  Lair:6: 1266 daAuts
